 Dungeon Crawl Stone Soup version 0.16.1-11-g651b585 (webtiles) character file.

59472 Zappman321 the Slinger (level 15, -5/94 HPs)
             Began as a Halfling Monk on Apr 1, 2015.
             Was the Champion of Ru.
             Slain by a death yak (24 damage)
             ... on level 8 of the Lair of Beasts.
             The game lasted 03:35:39 (35665 turns).

Zappman321 the Slinger (Halfling Monk)             Turns: 35665, Time: 03:35:39

Health: -5/94      AC: 14    Str: 11    XL:     15   Next: 34%
Magic:  20/23      EV: 14    Int: 14    God:    Ru [******]
Gold:   283        SH:  0    Dex: 19    Spells: 7 memorised, 3 levels left

rFire  + . .     SeeInvis .     a - +5 long sword (slice)
rCold  . . .     Clarity  .     P - +0 troll leather armour
rNeg   . . .     SustAb   .     (no shield)
rPois  .         Gourm    .     (no helmet)
rElec  .         Spirit   .     I - +2 cloak
rCorr  .         Warding  .     j - +3 pair of gauntlets of War {Slay+5}
rMut   .         Stasis   .     w - +0 pair of boots
MR     .....                    (no amulet)
Stlth  ..........               (no ring)
                                t - ring of protection from fire

@: exhausted, infused, singing, no scrolls, drained, not resistant to hostile
enchantments, extremely unstealthy
A: low mp 1, mutation resistance 1, inability to read while threatened, no
stealth, slow reflexes 3, magic vulnerability 1, inexperienced 1
a: Draw Out Power, Power Leap, Apocalypse, Renounce Religion, Stop Singing


You were on level 8 of the Lair of Beasts.
You worshipped Ru.
Ru was exalted by your worship.
You were not hungry.

You visited 4 branches of the dungeon, and saw 26 of its levels.

You collected 2380 gold pieces.
You spent 2097 gold pieces at shops.

Inventory:

Hand weapons
 a - a +5 long sword of slicing (weapon)
 b - a +2 hunting sling of freezing
 s - a +0 blowgun (quivered)
 v - a +1 dagger of venom
Missiles
 d - 140 stones
 r - 61 poisoned needles
 Z - 12 sling bullets of flame
Armour
 j - the +3 pair of gauntlets of War (worn) {Slay+5}
   (You bought it in a shop on level 4 of the Orcish Mines)

   It affects your accuracy and damage with ranged weapons and melee attacks
   (+5).
 w - a +0 pair of boots (worn)
 I - a +2 cloak (worn)
 O - a +0 leather armour of fire resistance
 P - a +0 troll leather armour (worn)
Magical staves
 M - an uncursed staff of wizardry
Rods
 u - a +2 rod of ignition (11/11)
   (You found it on level 5 of the Lair of Beasts)
Jewellery
 c - an uncursed amulet of stasis
 o - an uncursed amulet of guardian spirit
 p - an uncursed ring of protection from cold
 q - a cursed ring of teleportation
 t - a ring of protection from fire (left hand)
Magical devices
 h - a wand of disintegration (0)
 x - a wand of digging (8)
 F - a wand of teleportation (0)
 H - a wand of invisibility (0)
 R - a wand of fire (0)
Scrolls
 e - 7 scrolls of identify
 g - a scroll of fog
 C - a scroll of fear
 E - 8 scrolls of remove curse
 G - 4 scrolls of blinking
 Y - 4 scrolls of teleportation
Potions
 k - 4 potions of restore abilities
 n - 2 potions of berserk rage
 B - a potion of haste
 D - 5 potions of curing
 J - a potion of might
 N - 2 potions of heal wounds
 S - 2 potions of brilliance
Books
 f - a book of Battle

   Spells                             Type                      Level
   a - Infusion                       Charms                       1
   b - Shroud of Golubria             Charms/Translocation         2
   c - Song of Slaying                Charms                       2
   d - Spectral Weapon                Hexes/Charms                 3
   e - Regeneration                   Charms/Necromancy            3
Comestibles
 i - 9 bread rations


   Skills:
 - Level 6.2(6.0) Fighting
 - Level 12.5(15.2) Short Blades
 * Level 12.3(13.3) Long Blades
 - Level 12.5 Slings
 - Level 4.1(8.4) Throwing
 - Level 7.7(7.5) Armour
 - Level 10.5(10.2) Dodging
 - Level 6.6(6.4) Unarmed Combat
 - Level 4.8(4.6) Spellcasting
 - Level 8.3(8.1) Hexes
 - Level 4.9(4.6) Charms
 - Level 4.4(4.2) Earth Magic
 - Level 4.6(4.4) Evocations


You had 3 spell levels left.
You knew the following spells:

 Your Spells              Type           Power        Failure   Level  Hunger
a - Infusion              Chrm           ###...       4%          1    None
b - Slow                  Hex            ####....     1%          2    ##.....
c - Tukima's Dance        Hex            ####....     2%          3    ###....
d - Song of Slaying       Chrm           ###.....     8%          2    ##.....
e - Leda's Liquefaction   Hex/Erth       ###.......   21%         4    ####...
f - Cause Fear            Hex            ####......   10%         4    ####...
g - Enslavement           Hex            ####....     10%         4    ####...


Dungeon Overview and Level Annotations

Branches:
Dungeon (13/15)            Temple (1/1) D:7            Lair (8/8) D:11
  Swamp (0/5) Lair:5       Spider (0/5) Lair:3        Slime (0/6) Lair:6
    Orc (4/4) D:12            Elf (0/3) Orc:3
 Vaults: D:13-14

Altars:
Ashenzari
Cheibriados
Dithmenos
Elyvilon
Fedhas
Gozag
Kikubaaqudgha
Makhleb
Nemelex Xobeh
Okawaru
Qazlal
Ru
Sif Muna
Vehumet
Xom
Yredelemnul
Zin
The Shining One
Beogh

Shops:
D:6 [   D:7 (%:=   D:11 *?   Orc:4 ([[*

Annotations:
D:3 exclusion: upstairs
D:6 exclusion: downstairs
D:7 food
D:8 exclusion: 2 downstairs
Lair:5 exclusion: oklob plant
Lair:6 exclusions: downstairs and 2 oklob plants
Lair:8 exclusion: oklob plant
Orc:3 exclusion: downstairs


Innate Abilities, Weirdness & Mutations

You are small and have problems with some larger weapons.
You are somewhat resistant to further mutation.
You cannot read scrolls while threatened.
You cannot be stealthy.
You have very slow reflexes. (-9 EV)
You are slightly vulnerable to magic.
You are somewhat inexperienced (-2 XL).
Your magical capacity is low (-10% MP).


Message History

The death yak gores you!
* * * LOW HITPOINT WARNING * * *
Evoke which item? (* to show all) (? for menu, Esc to quit)
Okay, then.
Drink which item? (? for menu, Esc to quit)
Okay, then.
Drink which item? (? for menu, Esc to quit)
You're too exhausted to go berserk.
You hit the death yak but do no damage.
The death yak is moderately wounded.
The death yak is stunned by your will and fails to attack.
You barely miss the death yak.
The death yak is moderately wounded.
The death yak is stunned by your will and fails to attack.
You barely miss the death yak.
The death yak is moderately wounded.
You barely miss the death yak.
The death yak is moderately wounded.
The death yak gores you!!
You die...

.##.##########....#
#..##..†Y.## ..###
##P.....P...# #.Y.###.### ..#
#P..........####Y..#### ##
..# ##.....##....#
##...###PP# ###
#...PP.##.PP.## ##.....P# #
#....†P##..PP.###......###
##................8......#
##...................8....
#.#P..##@PP......8....... #
########Y#P...........8. ###
##### #YY..÷..8.......
..#####...# ###...P........P.
.#..#.P...# #....##....PP#P.
...P.P...#######..###....P.##
...PP..<......#...####......
.................P..#.#....
................P....#....


You could see a death yak and 2 yaks.

Vanquished Creatures
  2 orc warlords
  Harold (D:11)
  2 hydras (Lair:4)
  2 catoblepae
  An orc high priest (Orc:4)
  8 death yaks (Lair:8)
  Nergalle (D:10)
  Erolcha (D:9)
  2 orc knights
  A fire crab (Lair:7)
  2 orc sorcerers (Orc:4)
  An ugly thing (D:12)
  2 griffons
  A cyclops (Orc:2)
  A manticore (D:10)
  3 elephants
  The ghost of Zappman321 the Slasher, an experienced HEHu of Ru (D:8)
  A wolf spider (Lair:3)
  10 black mambas
  2 centaur zombies
  A black mamba (shapeshifter) (D:12)
  Psyche (D:11)
  2 centaur skeletons (D:12)
  16 spiny frogs
  5 komodo dragons
  2 fire drakes
  7 trolls
  2 polar bears
  Prince Ribbit (Orc:1)
  2 two-headed ogres
  5 slime creatures
  A queen bee (Lair:2)
  A trapdoor spider zombie (D:12)
  2 ravens (Lair:8)
  2 deep elf magi
  A basilisk (Lair:5)
  27 blink frogs
  2 spriggans (Lair:6)
  A water elemental (D:11)
  A wyvern (D:8)
  A wraith (D:11)
  54 yaks
  A deep elf fighter (D:10)
  Grum (Orc:2)
  6 hippogriffs
  13 wolves
  9 wargs
  Edmund (D:6)
  4 ice beasts
  12 water moccasins
  3 phantoms
  A black bear (Lair:6)
  17 porcupines
  8 spiders (D:12)
  9 crocodiles
  42 orc warriors
  3 necrophages
  4 sky beasts
  11 ogres
  A centaur (D:7)
  Sigmund (D:2)
  Duvessa (D:6)
  A brain worm (Lair:8)
  19 giant frogs
  Blork the orc (D:6)
  2 big kobolds
  5 scorpions
  2 wyvern skeletons
  7 wights
  30 killer bees
  9 electric eels
  3 goliath beetles
  4 crimson imps
  Dowan (D:6)
  39 orc priests
  5 giant frog skeletons
  Crazy Yiuf (D:2)
  17 iguanas
  7 jellies
  7 hell rats (Lair:6)
  8 hounds
  47 orc wizards
  Natasha (thrice) (D:6)
  5 worker ants
  A killer bee zombie (D:6)
  27 sheep
  2 hound zombies
  Terence (D:2)
  3 gnolls (D:9)
  A worker ant zombie (D:7)
  22 adders
  68 river rats
  2 shadow imps
  A giant mite (D:5)
  5 worms
  An adder skeleton (D:4)
  An adder simulacrum (D:9)
  6 giant geckos
  270 orcs
  A bat zombie (D:7)
  15 goblins
  17 hobgoblins
  22 jackals
  A ball python (D:1)
  31 bats
  3 giant cockroaches
  A giant gecko skeleton (D:5)
  5 giant newts
  2 giant spores
  15 kobolds
  16 quokkas
  22 rats
  6 spectral orcs (D:10)
  4 ballistomycetes
  12 fungi
  12 plants
1149 creatures vanquished.

Vanquished Creatures (collateral kills)
  Maud (Lair:8)
  A spiny frog (Lair:5)
  2 blink frogs (Lair:4)
  2 yaks
  A hippogriff (Lair:8)
  3 wolves
  A water moccasin (Lair:3)
  An orc warrior (D:12)
  A crocodile (Lair:4)
  4 adders
  5 river rats
  3 orcs
  A quokka (Lair:1)
26 creatures vanquished.

Vanquished Creatures (others)
  An ogre mage (Orc:3)
  A blink frog (Lair:4)
  A yak (D:9)
  11 dancing weapons
  An ogre (Orc:4)
  An orc warrior (Orc:4)
  A scorpion (Lair:5)
  An orc priest (Orc:4)
  A river rat (Lair:2)
  10 orcs
  A goblin (Orc:1)
  A spectral orc (D:10)
  19 fungi
  17 plants
67 creatures vanquished.

Grand Total: 1242 creatures vanquished

Notes
Turn   | Place    | Note
--------------------------------------------------------------
     0 | D:1      | Zappman321, the Halfling Monk, began the quest for the Orb.
     0 | D:1      | Reached XP level 1. HP: 15/15 MP: 1/1
   406 | D:1      | Reached XP level 2. HP: 13/20 MP: 2/2
   971 | D:2      | Reached XP level 3. HP: 8/25 MP: 3/3
   978 | D:2      | Reached skill level 4 in Unarmed Combat
  1212 | D:2      | Reached skill level 1 in Slings
  1339 | D:2      | Noticed Terence
  1370 | D:2      | Killed Terence
  1370 | D:2      | Reached XP level 4. HP: 10/30 MP: 4/4
  1653 | D:2      | Found a burning altar of Makhleb.
  1653 | D:2      | Noticed Sigmund
  1717 | D:2      | Noticed Crazy Yiuf
  2622 | D:3      | Reached XP level 5. HP: 10/35 MP: 2/5
  3104 | D:4      | Reached skill level 5 in Slings
  3104 | D:4      | Reached XP level 6. HP: 38/41 MP: 6/6
  3271 | D:4      | You fall through a shaft for 2 floors!
  3625 | D:7      | Found Ogesch's Book Shoppe.
  3625 | D:7      | Noticed an ice beast
  3714 | D:6      | Found Rodgheeff's Antique Armour Shoppe.
  3726 | D:6      | Bought a pair of gloves for 90 gold pieces
  3726 | D:6      | Bought a pair of boots for 90 gold pieces
  3747 | D:6      | Reached skill level 6 in Slings
  3774 | D:6      | Noticed Duvessa
  3777 | D:5      | Entered Level 5 of the Dungeon
  3951 | D:5      | Reached skill level 5 in Unarmed Combat
  3980 | D:5      | Reached XP level 7. HP: 36/45 MP: 5/7
  4477 | D:5      | Reached skill level 7 in Slings
  4714 | D:5      | Reached skill level 8 in Slings
  4978 | D:5      | Noticed a sky beast
  5034 | D:5      | Killed a sky beast
  5034 | D:5      | Reached skill level 9 in Slings
  5034 | D:5      | Reached XP level 8. HP: 34/49 MP: 8/8
  5631 | D:6      | Noticed Dowan
  5810 | D:6      | Reached skill level 10 in Slings
  5851 | D:6      | Noticed Edmund
  6287 | D:7      | Found Udghesk's Antique Weapon Emporium.
  6700 | D:7      | Found Gogulyj's Food Emporium.
  6753 | D:7      | Found a staircase to the Ecumenical Temple.
  6759 | Temple   | Entered the Ecumenical Temple
  6809 | Temple   | Became a worshipper of Ru the Awakened
  6819 | Temple   | Gained mutation: You cannot read scrolls while threatened. [Ru sacrifice]
  6819 | Temple   | Acquired Ru's first power
  6850 | D:7      | Found Crovoizo's Jewellery Shop.
  6878 | D:7      | Bought a blowgun for 52 gold pieces
  6985 | D:7      | Reached skill level 1 in Throwing
  7035 | D:7      | Reached skill level 11 in Slings
  7054 | D:7      | Reached XP level 9. HP: 40/52 MP: 7/9
  7122 | D:7      | Found a blossoming altar of Fedhas.
  7572 | D:8      | Reached skill level 12 in Slings
  7810 | D:8      | Learned a level 3 spell: Tukima's Dance
  7942 | D:8      | Reached skill level 1 in Spellcasting
  7942 | D:8      | Reached skill level 1 in Hexes
  7971 | D:8      | Noticed Zappman321's ghost (experienced HEHu)
  8759 | D:8      | Gained mutation: You cannot be stealthy. [Ru sacrifice]
  8759 | D:8      | Acquired Ru's second power
  9246 | D:8      | Reached XP level 10. HP: 44/58 MP: 11/18
  9902 | D:2      | Killed Sigmund
  9991 | D:2      | Killed Crazy Yiuf
 10482 | D:6      | Found a snail-covered altar of Cheibriados.
 10572 | D:6      | Killed Edmund
 10663 | D:6      | Noticed Blork the orc
 10676 | D:6      | Killed Blork the orc
 10765 | D:6      | Noticed Natasha
 10772 | D:6      | Killed Natasha
 10857 | D:8      | Learned a level 4 spell: Cause Fear
 10965 | D:9      | Reached skill level 1 in Armour
 11357 | D:9      | Noticed Erolcha
 11377 | D:9      | Killed Erolcha
 11377 | D:9      | Reached skill level 5 in Hexes
 11405 | D:9      | Found a shattered altar of Ashenzari.
 11658 | D:9      | Gained mutation: You have somewhat slow reflexes. (-3 EV) [Ru sacrifice]
 11658 | D:9      | Acquired Ru's third power
 11823 | D:9      | Noticed a troll
 11883 | D:9      | Identified a scroll of acquirement
 11922 | D:9      | Killed a troll
 11922 | D:9      | Reached skill level 5 in Dodging
 11922 | D:9      | Reached XP level 11. HP: 32/63 MP: 15/22
 12344 | D:9      | Noticed an eight-headed hydra
 12545 | D:10     | Entered Level 10 of the Dungeon
 13689 | D:10     | Found a staircase to the Lair.
 13804 | D:10     | Gained mutation: You have slow reflexes. (-6 EV) [Ru sacrifice]
 13973 | D:10     | Reached skill level 1 in Short Blades
 14184 | D:10     | Noticed a manticore
 14197 | D:10     | Killed a manticore
 14681 | D:11     | Noticed Nergalle
 14975 | D:10     | Killed Nergalle
 14975 | D:10     | Reached skill level 5 in Short Blades
 15433 | D:10     | Got a warped turquoise ring
 15434 | D:10     | Identified the ring "Canuetzy" {Ice Str+9 Dex-4} (You acquired it on level 10 of the Dungeon)
 15893 | D:11     | Noticed Psyche
 15902 | D:11     | Killed Psyche
 16092 | D:11     | Gained mutation: Your magical capacity is low (-10% MP). [mutagenic meat]
 16120 | D:11     | Noticed Harold
 16173 | D:11     | Killed Harold
 16173 | D:11     | Reached XP level 12. HP: 39/74 MP: 6/20
 16296 | D:11     | Found Sunumnepu's Demolitions Depot.
 16302 | D:11     | Found a staircase to the Lair.
 16374 | Lair:1   | Entered Level 1 of the Lair of Beasts
 16952 | Lair:1   | Gained mutation: You are slightly vulnerable to magic. [Ru sacrifice]
 16952 | Lair:1   | Acquired Ru's fourth power
 16952 | Lair:1   | Acquired Ru's fifth power
 16983 | Lair:1   | Reached skill level 10 in Short Blades
 18122 | Lair:2   | Reached skill level 5 in Armour
 19245 | Lair:3   | Reached XP level 13. HP: 27/81 MP: 7/21
 19420 | Lair:3   | Gained mutation: You are somewhat inexperienced (-2 XL). [Ru sacrifice]
 19420 | Lair:3   | Reached XP level 12. HP: 71/76 MP: 18/20
 19420 | Lair:3   | Reached XP level 11. HP: 70/70 MP: 18/19
 19783 | Lair:3   | Found a hole to the Spider Nest.
 19796 | Lair:3   | Reached skill level 5 in Fighting
 21196 | D:8      | Killed Zappman321's ghost
 21233 | D:7      | Bought a book of Debilitation for 600 gold pieces
 21236 | D:7      | Learned a level 2 spell: Slow
 21241 | D:7      | Learned a level 4 spell: Enslavement
 21246 | D:7      | Learned a level 4 spell: Leda's Liquefaction
 21310 | D:6      | Killed Dowan
 21331 | D:6      | Killed Duvessa
 21901 | D:6      | Noticed Natasha
 21913 | D:6      | Killed Natasha
 21947 | D:6      | Noticed Natasha
 21952 | D:6      | Killed Natasha
 22284 | D:11     | Found Tegatea's Magic Scroll Shop.
 22554 | D:12     | Noticed a brown ugly thing
 22587 | D:12     | Killed a brown ugly thing
 22701 | D:12     | Reached skill level 1 in Earth Magic
 22709 | D:12     | Found a staircase to the Orcish Mines.
 22997 | D:11     | Reached skill level 1 in Long Blades
 23246 | D:12     | Reached XP level 12. HP: 69/79 MP: 16/20
 24933 | Lair:5   | Found a glowing golden altar of the Shining One.
 25250 | Lair:4   | Noticed a seven-headed hydra
 25447 | Lair:4   | Noticed a four-headed hydra
 25545 | Lair:4   | Killed a four-headed hydra
 25549 | Lair:4   | Killed a seven-headed hydra
 26169 | Lair:5   | Reached skill level 10 in Dodging
 26169 | Lair:5   | Reached XP level 13. HP: 78/83 MP: 18/21
 26330 | Lair:5   | Found a staircase to the Swamp.
 26402 | Lair:5   | Identified a +2 rod of ignition (11/11) (You found it on level 5 of the Lair of Beasts)
 26459 | Lair:5   | Reached skill level 1 in Evocations
 27790 | Lair:6   | Found a staircase to the Slime Pits.
 28474 | Lair:2   | Reached skill level 5 in Long Blades
 28589 | Orc:1    | Entered Level 1 of the Orcish Mines
 28825 | Orc:2    | Found an iron altar of Okawaru.
 29082 | Orc:1    | Found a roughly hewn altar of Beogh.
 29551 | Orc:1    | Found a roughly hewn altar of Beogh.
 29996 | Orc:1    | Noticed Prince Ribbit
 30008 | Orc:1    | Killed Prince Ribbit
 30696 | Orc:2    | Noticed Grum
 30703 | Orc:2    | Killed Grum
 30868 | Orc:3    | Gained mutation: You have very slow reflexes. (-9 EV) [Ru sacrifice]
 30951 | Orc:3    | Found a roughly hewn altar of Beogh.
 31053 | Orc:3    | Found a staircase to the Elven Halls.
 31157 | Orc:4    | Entered Level 4 of the Orcish Mines
 31258 | Orc:3    | Reached XP level 14. HP: 56/90 MP: 8/22
 31347 | Orc:4    | Noticed an orc warlord
 31398 | Orc:4    | Killed an orc warlord
 32002 | Orc:4    | Found a roughly hewn altar of Beogh.
 32070 | Orc:4    | Found a roughly hewn altar of Beogh.
 32101 | Orc:4    | Found a roughly hewn altar of Beogh.
 32174 | Orc:4    | Found a roughly hewn altar of Beogh.
 32197 | Orc:4    | Found Zaafaw's General Store.
 32203 | Orc:4    | Bought the +3 pair of gauntlets of War {Slay+5} for 665 gold pieces
 32432 | Orc:4    | Found a roughly hewn altar of Beogh.
 32436 | Orc:4    | Found Caukan's Antique Armour Shop.
 32465 | Orc:4    | Found a roughly hewn altar of Beogh.
 32484 | Orc:4    | Found a roughly hewn altar of Beogh.
 32651 | Orc:4    | Noticed an orc warlord
 32709 | Orc:3    | Killed an orc warlord
 32970 | Orc:4    | Found Qeew's Antique Weapon Shop.
 32970 | Orc:4    | Found a roughly hewn altar of Beogh.
 32974 | Orc:4    | Found Ehaxasch's Antique Armour Boutique.
 33301 | D:7      | Bought a book of Battle for 600 gold pieces
 33304 | D:7      | Learned a level 2 spell: Song of Slaying
 33306 | D:7      | Learned a level 1 spell: Infusion
 33333 | D:7      | Killed an ice beast
 33756 | Lair:6   | Reached skill level 1 in Charms
 33820 | Lair:6   | Reached skill level 10 in Long Blades
 34493 | Lair:8   | Entered Level 8 of the Lair of Beasts
 34494 | Lair:8   | Noticed Maud
 34519 | Lair:8   | Killed Maud
 34820 | Lair:8   | Reached XP level 15. HP: 73/94 MP: 17/23
 35665 | Lair:8   | Slain by a death yak

Action                   |  1- 3 |  4- 6 |  7- 9 | 10-12 | 13-15 || total
-------------------------+-------+-------+-------+-------+-------++-------
Melee: Unarmed           |   115 |   197 |   171 |   182 |       ||   665
       Hand axe          |       |    27 |    53 |       |       ||    80
       Dagger            |       |       |    40 |   282 |    79 ||   401
       Short sword       |       |       |       |  1199 |    25 ||  1224
       Falchion          |       |       |       |   557 |  1300 ||  1857
       Long sword        |       |       |       |       |   466 ||   466
 Fire: Hunting sling     |    29 |    61 |   279 |   378 |    30 ||   777
       Blowgun           |       |       |    48 |   169 |    50 ||   267
Throw: Stone             |       |       |     1 |     1 |       ||     2
 Cast: Tukima's Dance    |       |       |     2 |     1 |    39 ||    42
       Cause Fear        |       |       |       |     6 |       ||     6
       Slow              |       |       |       |    18 |    44 ||    62
       Enslavement       |       |       |       |     9 |    16 ||    25
       Leda's Liquefacti |       |       |       |     2 |       ||     2
       Song of Slaying   |       |       |       |       |    11 ||    11
       Infusion          |       |       |       |       |    11 ||    11
Invok: Sacrifice Words   |       |       |     1 |       |       ||     1
       Sacrifice Stealth |       |       |     1 |       |       ||     1
       Sacrifice Health  |       |       |       |     2 |     1 ||     3
       Power Leap        |       |       |       |     5 |    20 ||    25
       Draw Out Power    |       |       |       |     4 |     3 ||     7
       Reject Sacrifices |       |       |       |     1 |     1 ||     2
       Sacrifice Experie |       |       |       |     1 |       ||     1
       Apocalypse        |       |       |       |     2 |     4 ||     6
       Sacrifice Essence |       |       |       |     1 |       ||     1
Evoke: Wand              |       |       |     8 |    37 |     7 ||    52
       Rod               |       |       |       |       |     3 ||     3
  Use: Scroll            |       |     4 |    11 |    17 |    11 ||    43
       Potion            |       |     2 |     2 |    18 |     2 ||    24
 Stab: Sleeping          |     1 |     2 |     4 |       |       ||     7
       Invisible         |       |       |     1 |    47 |    31 ||    79
       Fleeing           |       |       |       |     1 |     1 ||     2
       Distracted        |       |       |       |    12 |    10 ||    22
       Paralysed         |       |       |       |    10 |    73 ||    83
       Betrayed ally     |       |       |       |     1 |     1 ||     2
       Petrified         |       |       |       |       |     2 ||     2
  Eat: Chunk             |     1 |     6 |    13 |    49 |    50 ||   119
       Beef jerky        |       |     2 |       |     1 |       ||     3
       Royal jelly       |       |       |     1 |     1 |       ||     2
       Fruit             |       |       |     2 |     7 |     1 ||    10
       Meat ration       |       |       |       |     1 |       ||     1
       Pizza             |       |       |       |     2 |       ||     2
       Bread ration      |       |       |       |       |     1 ||     1
